[Event "Early-Titled-Tuesday-Blitz-October-24-2023"]
[Site "Chess.com"]
[Date "2023.10.24"]
[Round "7"]
[White "Gyulamiryan-koryun"]
[Black "Akylbek2021"]
[Result "0-1"]
[WhiteElo "1952"]
[BlackElo "2257"]
[TimeControl "180+1"]
[EndTime "9:16:53 PDT"]
[Termination "Akylbek2021 won on time"]

1. e4 e6 2. d4 d5 3. Nd2 c5 4.
exd5 Qxd5 5. Bb5+ Nc6 6. Bxc6+ Qxc6 7. Qf3 Bd7 8. dxc5 Bxc5 9. Ne2 Qxf3 10. Nxf3 Nf6 11.
O-O O-O 12. Ne5 Bc8 13. c3 a5 14. Be3 Bxe3 15. fxe3 b6 16. Nd4 Ba6 17. Rfd1 Nd5 18. Kf2 Rfd8 19. Nec6 Rd6 20. e4 Nf4 21. e5 Rd7 22.
Rd2 Nd3+ 23. Ke3 Nc5 24. b4 Na4 25. b5 Bb7 26. Rc2 Rc8 27. Rac1 Rd5 28. Ke4 Kf8 29. c4 Rd7 30. Ke3 h5 31. Na7 Rcd8 32. Nac6 Bxc6 33. Nxc6 Rd3+ 34. Ke2 R8d7 35. Nb8 R7d4 36. Nc6 Rd7 37. Nb8 Rd8 38. Na6 R3d4 39. c5 bxc5 40. Nxc5 Nxc5 41. Rxc5 Rd2+ 42. Ke3 Rxg2 43. b6 Rxa2 44. Rb5 Rxh2 45. b7 Rh3+ 46. Ke2 Rh2+ 47. Ke3 Rh3+ 48. Kf2 Kg8 49. b8=Q Rxb8 50. Rxb8+ Kh7 51.
Rg1 g6 52. Ra8 Rh2+ 53. Kf3 Ra2 54. Rb1 Ra3+ 55. Kf4 Ra4+ 56. Kg3 Re4 57. Rxa5 g5 58. Rf1 Kg7 59. Ra7 Re3+ 60. Kg2 Rxe5 61. Raxf7+ Kg8 62.
Rf8+ Kg7 63. R1f7+ Kg6 64. Rf6+ Kg7 65. Rf1 h4 66. Rc8 Kg6 67. Rc6 Re2+ 0-1

[Event "Early-Titled-Tuesday-Blitz-October-24-2023"]
[Site "Chess.com"]
[Date "2023.10.24"]
[Round "7"]
[White "Szparu"]
[Black "chess123456s"]
[Result "0-1"]
[WhiteElo "2691"]
[BlackElo "2556"]
[TimeControl "180+1"]
[EndTime "9:16:57 PDT"]
[Termination "chess123456s won by resignation"]

1. e4 e5 2. Nf3 Nc6 3. Nc3 Nf6 4.
Bb5 Bb4 5. O-O O-O 6. d3 Bxc3 7. bxc3 d6 8. Bg5 Qe7 9. Re1 a6 10. Ba4 Nd8 11. d4 Ne6 12. Bc1 b5 13. Bb3 Bb7 14.
dxe5 dxe5 15. Nxe5 Nxe4 16. Qh5 g6 17. Qh3 Qc5 18. Nd3 Qc6 19. Bh6 Rfe8 20. Ne5 Qxc3 21. Qxc3 Nxc3 22. Ng4 Kh8 23. Nf6 Red8 24. Bxe6 fxe6 25.
Rxe6 Nd5 26. Nxd5 Rxd5 27. Re7 Rad8 28. f3 R5d7 29. Rae1 Kg8 30. Kf2 Bd5 31. Kg3 Bf7 32. Bg5 Bxa2 33. R7e2 Bc4 34. Re5 Rf8 35. Bh6 Rfd8 36.
Ra1 Ra8 37. Rc5 a5 38. Bf4 Ra7 39. Be3 Ra6 40. Bf4 c6 41. Re5 a4 42. Bh6 Ra8 43.
c3 a3 44. Be3 a2 45. Bd4 Bd3 46. h4 Bc4 47. Kf4 Ra3 48. Kg5 Rd5 49. Rxd5 cxd5 50. Kf6 Bd3 51. Re1 Ra8 52. Ra1 Bb1 53. Ke5 Re8+ 54.
Kxd5 Re2 55. g4 Rb2 56. Kc5 Bd3 57. c4 Rc2 58. Kxb5 Bxc4+ 59. Kb4 Bf7 60. Bc3 Rf2 61. Rd1 Kf8 62. Ra1 Rxf3 63. Bd4 Rf4 64. Kc5 Rxg4 65. Bf6 Rf4 66. Bg5 Rf5+ 67. Kd6 Kg7 68. Be3 Rd5+ 69. Kc6 Rd3 70. Bg5 Rb3 71. Rf1 Rb1 72. Bf6+ Kg8 73.
Rf2 a1=Q 74. Bxa1 Rxa1 75. Kd6 Rd1+ 76. Ke7 Re1+ 77. Kf6 Re6+ 78. Kg5 Kg7 79. Kf4 Rf6+ 80. Kg3 Rxf2 81. Kxf2 Kh6 82. Kg3 Kh5 0-1

[Event "Early-Titled-Tuesday-Blitz-October-24-2023"]
[Site "Chess.com"]
[Date "2023.10.24"]
[Round "7"]
[White "m_ezat"]
[Black "oggy1984"]
[Result "1-0"]
[WhiteElo "2598"]
[BlackElo "2440"]
[TimeControl "180+1"]
[EndTime "9:16:57 PDT"]
[Termination "m_ezat won by checkmate"]

1. d4 d5 2. c4 c6 3. Nc3 Nf6 4.
cxd5 cxd5 5. Bf4 Nc6 6. e3 a6 7. Bd3 Bg4 8. Nge2 Bxe2 9. Qxe2 e6 10. O-O Bd6 11. Bg3 Bxg3 12. hxg3 Qd6 13. Rac1 O-O 14. a3 b5 15. Rc2 Rac8 16. Rfc1 Ne7 17. Na2 g6 18. Qd2 Rxc2 19. Rxc2 Rc8 20. Qc1 Rxc2 21. Qxc2 Qc6 22. Qxc6 Nxc6 23. a4 Na7 24. axb5 axb5 25. Nc3 b4 26. Na2 Nc6 27. Bb5 b3 28. Nc1 Na5 29. Ba4 Nc4 30. Nd3 Nd2 31. f3 Nh5 32.
Kf2 Kg7 33. g4 Nf6 34. Ke2 Nc4 35. Bxb3 Nb6 36. Ba2 h5 37. g5 Ne8 38. Kd2 Nd6 39. b3 Nb5 40. Bb1 Na3 41. Bc2 Kf8 42. Nc5 Nb5 43.
Bd3 Nd6 44. Kc3 Ke7 45. Kb4 Kd8 46. Ka5 Kc7 47. Na6+ Kc6 48. Nc5 Kc7 49. Ka6 Ndc8 50. Bxg6 fxg6 51. Nxe6+ Kc6 52. Nf4 Ne7 53. Ka5 Nbc8 54.
b4 Nd6 55. Ne6 Nc4+ 56. Ka6 Na3 57. Nd8+ Kd7 58. Nf7 Kc7 59. Ne5 Nc4 60. f4 Nxe3 61. b5 Nc8 62. Nxg6 Nxg2 63. f5 Ne3 64. f6 Nc2 65.
Nf4 Nd6 66. Ka5 h4 67. g6 Nxd4 68. g7 Nc4+ 69. Kb4 Nc2+ 70. Kc3 N2e3 71. Kd4 Kb6 72.
Nxd5+ Kxb5 73. Nxe3 Nd6 74. Kd5 Nf7 75. g8=Q Ng5 76.
Qb8+ Ka4 77. Kc4 Ne4 78. Qb4# 1-0

[Event "Early-Titled-Tuesday-Blitz-October-24-2023"]
[Site "Chess.com"]
[Date "2023.10.24"]
[Round "7"]
[White "leejunhyeok"]
[Black "Predator0608"]
[Result "0-1"]
[WhiteElo "2664"]
[BlackElo "2549"]
[TimeControl "180+1"]
[EndTime "9:17:01 PDT"]
[Termination "Predator0608 won on time"]

1. d4 d5 2. c4 e6 3. Nf3 Nf6 4. Nc3 Be7 5. cxd5 exd5 6. Bf4 c6 7. e3 Bf5 8. Nh4 Be6 9. Bd3 Nbd7 10. h3 Ne4 11.
Nf3 f5 12. O-O h5 13. Bh2 g5 14. Ne5 g4 15. Ng6 Rg8 16. Nf4 Bf7 17. hxg4 hxg4 18. Nxe4 fxe4 19. Be2 Nf6 20. Bg3 Qd7 21. Bh4 Rg7 22. g3 Nh5 23. Nxh5 Bxh5 24. Bxe7 Kxe7 25. Kg2 Bf7 26. Rh1 Rag8 27. Rh6 Rg6 28. Qh1 Qd6 29. Qh4+ Qf6 30. Rxg6 Rxg6 31. Rh1 Be6 32. Qh7+ Rg7 33. Qh8 Rf7 34. Qxf6+ Rxf6 35. Rh7+ Rf7 36. Rh8 Rg7 37. Rb8 Kd6 38. b4 a6 39. a4 Kc7 40. Rf8 Kb6 41.
Kf1 Rh7 42. Kg2 Rg7 43. Rf4 a5 44. b5 Bd7 45. Rf6 Kc7 46. bxc6 Bxc6 47. Bb5 Rg8 48. Bxc6 bxc6 49. Kf1 Rb8 50. Rf7+ Kd6 51. Rg7 Rb1+ 52. Kg2 Ra1 53. Rg6+ Kd7 54. Rxg4 Rxa4 55. Rg7+ Ke6 56.
Ra7 Ra1 57. g4 a4 58. Kg3 a3 59. f3 exf3 60. Kxf3 a2 61. Kg2 Kf6 62. Ra6 Kg5 63. Kh2 Kxg4 64. Kg2 Kf5 65. Ra3 Ke4 66. Kh2 Rc1 67. Rxa2 Kxe3 68. Ra4 Rc4 69. Ra6 Kxd4 70. Kg3 Rc2 71. Kf3 c5 72. Rd6 c4 73. Rc6 c3 74. Rc8 Rd2 75. Rc7 c2 76. Rc8 Kd3 77.
Rc5 d4 78. Rc8 Rd1 0-1

[Event "Early-Titled-Tuesday-Blitz-October-24-2023"]
[Site "Chess.com"]
[Date "2023.10.24"]
[Round "7"]
[White "OK97"]
[Black "IMRosen"]
[Result "0-1"]
[WhiteElo "2764"]
[BlackElo "2597"]
[TimeControl "180+1"]
[EndTime "9:17:47 PDT"]
[Termination "IMRosen won by resignation"]

1. c4 e6 2. g3 d5 3. Bg2 Nf6 4.
Nf3 dxc4 5. O-O a6 6. Qc2 Qd5 7. a4 Nc6 8. Na3 Bxa3 9. bxa3 e5 10. Ng5 Qc5 11. Bb2 h6 12. Ne4 Nxe4 13. Qxe4 Be6 14.
e3 O-O 15. Bc3 Rad8 16. f4 Bd5 17. Qf5 Bxg2 18. Kxg2 Qd5+ 19. Kg1 e4 20. Qg4 f6 21. Rfb1 b6 22. Rc1 Rf7 23. Ra2 Ne7 24. Rac2 Nf5 25. Qe2 Qd3 26. Qf2 a5 27. g4 Nd6 28. Qg2 Qd5 29. h3 Qc6 30. Kh2 Qxa4 31. g5 fxg5 32.
fxg5 Rdf8 33. Kg1 Rf2 34. Qg4 R2f7 35. gxh6 Nf5 36. hxg7 Nxg7 37. Kh1 Qd7 38. Qxd7 Rxd7 39. Rg1 Kh7 40. Bd4 Nf5 41. Rxc4 Nxd4 42. exd4 Rf3 43. Kh2 Rd3 44. Rg5 Rxd2+ 45. Kg3 R2xd4 46. Rc6 R4d6 47. Rc3 Rg6 48. Rxg6 Kxg6 49. Kf4 Re7 50. Re3 b5 51. h4 Kh5 52. Kf5 b4 53. axb4 axb4 54. Kf4 c5 55. Rb3 Kxh4 56. Ke3 Kg3 57. Rb1 Kg4 58. Rg1+ Kf5 59.
Rc1 Rc7 60. Rc4 Ke5 61. Rxe4+ Kd5 62. Rh4 Kc6 63. Kd3 Kb5 64. Rh8 Rg7 65. Rb8+ Kc6 66. Rc8+ Rc7 67. Rb8 Rd7+ 68. Kc4 Rd4+ 69. Kb3 Rd3+ 70.
Kb2 Kd5 71. Rh8 Kc4 72. Rh4+ Rd4 73. Rh8 Rg4 74. Rh2 Kb5 75. Rh5 Rg2+ 76. Kb3 Rg3+ 77.
Kb2 Rf3 78. Rg5 Rf4 79. Rh5 Kc4 80. Rh2 Re4 81. Rg2 Rd4 82. Rh2 Kb5 83. Rg2 Rd5 84. Rg8 c4 85. Rb8+ Kc5 86. Rc8+ Kd4 87. Rh8 Re5 88.
Rh4+ Re4 89. Rh2 Kd3 90. Rh3+ Re3 91. Rh8 Re2+ 92. Kb1 Kc3 93. Rh3+ Kd4 94. Rh4+ Re4 95. Rh8 c3 96. Kc2 Re2+ 97. Kc1 Kc4 98. Rc8+ Kb3 99. Kd1 Rh2 100. Rc7 Rh1+ 101. Ke2 Kc2 102. Rb7 b3 0-1

[Event "Early-Titled-Tuesday-Blitz-October-24-2023"]
[Site "Chess.com"]
[Date "2023.10.24"]
[Round "8"]
[White "Khromkin"]
[Black "JuniorJumper"]
[Result "1/2-1/2"]
[WhiteElo "2515"]
[BlackElo "2615"]
[TimeControl "180+1"]
[EndTime "9:19:28 PDT"]
[Termination "Game drawn by agreement"]

1. d4 d5 2. c4 e6 3. Nc3 c6 4. cxd5 exd5 5. Nf3 Bd6 6. Bg5 Be7 7.
Bf4 Bd6 8. Bg3 Nf6 9. e3 Bf5 10.
Bd3 Bxd3 11. Qxd3 O-O 12. O-O Bxg3 13. hxg3 Qd6 14. Rab1 Nbd7 15. Qc2 a5 16. a3 1/2-1/2

[Event "Early-Titled-Tuesday-Blitz-October-24-2023"]
[Site "Chess.com"]
[Date "2023.10.24"]
[Round "8"]
[White "Payyappat"]
[Black "RandomNoob04"]
[Result "0-1"]
[WhiteElo "2513"]
[BlackElo "2632"]
[TimeControl "180+1"]
[EndTime "9:20:04 PDT"]
[Termination "RandomNoob04 won by resignation"]

1. e4 e5 2. Nf3 Nf6 3. Nxe5 Nc6 4. Nxc6 dxc6 5. Nc3 Bc5 6. Bc4 Ng4 7. Qf3 Ne5 8. Qe2 Qh4 9. g3 Qh3 10. d3 Bg4 0-1

[Event "Early-Titled-Tuesday-Blitz-October-24-2023"]
[Site "Chess.com"]
[Date "2023.10.24"]
[Round "8"]
[White "Artemiki"]
[Black "Giorno"]
[Result "1/2-1/2"]
[WhiteElo "2358"]
[BlackElo "2544"]
[TimeControl "180+1"]
[EndTime "9:20:18 PDT"]
[Termination "Game drawn by agreement"]

1. e4 Nc6 2. Nf3 d6 3. d4 g6 4. Nc3 Bg7 5. Bc4 e6 6. a4 Nge7 7. Be3 d5 8. Ba2 dxe4 9. Nxe4 O-O 10. O-O Nf5 11. Bg5 f6 12. Be3 Nxe3 13. fxe3 Kh8 1/2-1/2

[Event "Early-Titled-Tuesday-Blitz-October-24-2023"]
[Site "Chess.com"]
[Date "2023.10.24"]
[Round "8"]
[White "WindWhistler11"]
[Black "PenguiinQueen"]
[Result "0-1"]
[WhiteElo "2434"]
[BlackElo "2296"]
[TimeControl "180+1"]
[EndTime "9:21:00 PDT"]
[Termination "PenguiinQueen won by resignation"]

1. a3 d5 2. b3 e5 3. c3 Nf6 4.
d3 c5 5. e3 Nc6 6. Be2 Bd6 7. g4 O-O 8. Bb2 d4 9. cxd4 exd4 10.
e4 a5 11. Nd2 b5 12. Nf1 a4 13. Ng3 Be6 14. bxa4 Rxa4 15. g5 Nd7 16. Nf3 Bh3 17. Nh4 Qxg5 18. Nhf5 Bc7 19. Rg1 Ba5+ 0-1

[Event "Early-Titled-Tuesday-Blitz-October-24-2023"]
[Site "Chess.com"]
[Date "2023.10.24"]
[Round "8"]
[White "venturov"]
[Black "vovachesss"]
[Result "1-0"]
[WhiteElo "2504"]
[BlackElo "2759"]
[TimeControl "180+1"]
[EndTime "9:21:02 PDT"]
[Termination "venturov won by resignation"]

1. e4 c6 2. d4 d5 3. e5 Bf5 4. Nd2 e6 5. Nb3 a6 6. Nf3 c5 7.
dxc5 Bxc5 8. Nxc5 Qa5+ 9. c3 Qxc5 10. Be3 Qc7 11. Be2 Nc6 12. O-O Nge7 13. Nd4 Qb6 14. Nxf5 1-0

[Event "Early-Titled-Tuesday-Blitz-October-24-2023"]
[Site "Chess.com"]
[Date "2023.10.24"]
[Round "8"]
[White "Ural_bogatyr"]
[Black "Xqswdc"]
[Result "0-1"]
[WhiteElo "2523"]
[BlackElo "2351"]
[TimeControl "180+1"]
[EndTime "9:21:03 PDT"]
[Termination "Xqswdc won by resignation"]

1. d4 Nf6 2. Nc3 d6 3. e4 Nbd7 4. Nf3 e5 5. Bc4 Be7 6. O-O O-O 7. a4 c6 8. h3 Qc7 9. Re1 Re8 10. a5 Nf8 11. d5 Ng6 12. Qd3 Bd7 13. dxc6 bxc6 14. Ng5 Rf8 15. Qg3 Nh5 16. Qf3 Nhf4 17. Kh2 Bxg5 18. g3 Nxh3 19. Kg2 Bxc1 20. Raxc1 Ng5 21.
Qh5 Ne6 22. Rh1 Nef4+ 0-1

[Event "Early-Titled-Tuesday-Blitz-October-24-2023"]
[Site "Chess.com"]
[Date "2023.10.24"]
[Round "8"]
[White "crazy_m_attack"]
[Black "Estrategia_vs_Tactica"]
[Result "1-0"]
[WhiteElo "2451"]
[BlackElo "2273"]
[TimeControl "180+1"]
[EndTime "9:21:12 PDT"]
[Termination "crazy_m_attack won by resignation"]

1. e4 c5 2. Nf3 d6 3. d4 cxd4 4. Nxd4 Nf6 5. Nc3 a6 6. Be2 Nc6 7. O-O e6 8. Be3 Be7 9. f4 O-O 10. Kh1 Bd7 11. Bf3 b5 12. e5 Nd5 13. Nxd5 exd5 14.
Bxd5 Rc8 15. e6 fxe6 16. Nxe6 Bxe6 17. Bxe6+ Kh8 18. Bxc8 Qxc8 19. c3 Rf6 20. Qf3 Ne5 21.
Qe4 Ng6 22. Bd4 Rf7 23. f5 Nf8 24. Rae1 Nd7 25. Qe6 Kg8 26. f6 Bxf6 27. Bxf6 gxf6 28. Rxf6 1-0

[Event "Early-Titled-Tuesday-Blitz-October-24-2023"]
[Site "Chess.com"]
[Date "2023.10.24"]
[Round "8"]
[White "deepfear"]
[Black "miraitrunks"]
[Result "1-0"]
[WhiteElo "1792"]
[BlackElo "2100"]
[TimeControl "180+1"]
[EndTime "9:21:12 PDT"]
[Termination "deepfear won by resignation"]

1. e4 c5 2. Nc3 Nc6 3. g3 g6 4. Bg2 Bg7 5. d3 e5 6. Nh3 Nge7 7. f4 O-O 8. O-O Nd4 9. f5 b5 10. f6 Nec6 11. fxg7 Kxg7 12. Nd5 d6 13. Bg5 Qa5 14. Bf6+ Kg8 15. Qc1 Ne6 16. Qh6 Ncd4 17. Ng5 1-0

[Event "Early-Titled-Tuesday-Blitz-October-24-2023"]
[Site "Chess.com"]
[Date "2023.10.24"]
[Round "8"]
[White "dapsay"]
[Black "Zavgorodniy_Sergiy"]
[Result "1-0"]
[WhiteElo "2420"]
[BlackElo "2671"]
[TimeControl "180+1"]
[EndTime "9:21:23 PDT"]
[Termination "dapsay won by resignation"]

1. d4 d5 2. Bf4 Nf6 3. e3 e6 4. c3 c5 5. Nf3 Bd6 6. Bg3 Qc7 7. Nbd2 Nbd7 8. Bd3 O-O 9. O-O e5 10. dxe5 Nxe5 11.
Nxe5 Bxe5 12. Bxe5 Qxe5 13. Nf3 Qe7 14. Re1 b6 15.
Qa4 Bb7 16. Rad1 a5 17. Qh4 h6 18. a3 Rad8 19. Rd2 Rd6 20. Red1 Rfd8 21. Bf5 g6 22.
Bc2 Kg7 23. h3 Qe6 24. Qg3 Ba8 25. Nh4 Ne4 26. Bxe4 Qxe4 27. Kh2 Kh7 28. Nf3 Re8 29. Ne1 Red8 30. Nf3 Re8 31. Qxd6 1-0

[Event "Early-Titled-Tuesday-Blitz-October-24-2023"]
[Site "Chess.com"]
[Date "2023.10.24"]
[Round "8"]
[White "ShahxaibKhan"]
[Black "NovikovaGalina"]
[Result "0-1"]
[WhiteElo "2406"]
[BlackElo "2441"]
[TimeControl "180+1"]
[EndTime "9:21:37 PDT"]
[Termination "NovikovaGalina won by resignation"]

1. e4 e6 2. d4 d5 3. Nd2 Nc6 4. Ngf3 g5 5. h3 Qf6 6. Bb5 Bd7 7. e5 Qg7 8. Qe2 O-O-O 9. Nb3 h6 10. Bd2 f6 11. exf6 Nxf6 12. Bxc6 Bxc6 13. Qxe6+ Bd7 14. Qe2 Re8 15. Ne5 Ne4 16. O-O-O Bd6 17. Nxd7 Qxd7 18. Be3 Rhf8 19. Kb1 Nxf2 20. Rhf1 Nxd1 21. Rxf8 Bxf8 22. Qxd1 0-1

[Event "Early-Titled-Tuesday-Blitz-October-24-2023"]
[Site "Chess.com"]
[Date "2023.10.24"]
[Round "8"]
[White "rezamahdavi2008"]
[Black "Byniolus"]
[Result "1/2-1/2"]
[WhiteElo "2895"]
[BlackElo "2810"]
[TimeControl "180+1"]
[EndTime "9:21:46 PDT"]
[Termination "Game drawn by agreement"]

1. Nf3 d5 2. c4 c6 3. g3 Nf6 4. Bg2 Bf5 5. Qb3 Qb6 6. d3 e6 7. Be3 Qxb3 8. axb3 a6 9. Nh4 Bg6 10. Bd2 Nbd7 11. b4 Bd6 12. Nxg6 hxg6 13. O-O Ke7 14.
Bc3 Be5 15. Nd2 d4 16. f4 dxc3 17. fxe5 cxd2 18. exf6+ Nxf6 19. Rfd1 Ng4 20. h3 Ne3 21. Rxd2 Nxg2 22. Kxg2 e5 23. Ra5 f6 24. b3 Rad8 25.
Rda2 Rd7 1/2-1/2

[Event "Early-Titled-Tuesday-Blitz-October-24-2023"]
[Site "Chess.com"]
[Date "2023.10.24"]
[Round "8"]
[White "MokshAD1603"]
[Black "WhiteKnight2612"]
[Result "0-1"]
[WhiteElo "2636"]
[BlackElo "2831"]
[TimeControl "180+1"]
[EndTime "9:21:48 PDT"]
[Termination "WhiteKnight2612 won by resignation"]

1. c4 e5 2. g3 f5 3. Bg2 Nf6 4.
Nc3 g6 5. e3 Bg7 6. Nge2 O-O 7.
O-O d6 8. b4 c6 9. b5 Be6 10. d3 d5 11. cxd5 cxd5 12. d4 e4 13. Nf4 Bf7 14. h4 h6 15. a4 g5 16. hxg5 hxg5 17.
Nh3 Bh6 18. Ba3 Re8 19. f3 exf3 20. Qxf3 g4 21. Qxf5 gxh3 22. Bxh3 Nbd7 23. Rae1 Rc8 24. e4 Rxc3 25. e5 Rxa3 26. exf6 Rxe1 27. Rxe1 Qxf6 0-1

[Event "Early-Titled-Tuesday-Blitz-October-24-2023"]
[Site "Chess.com"]
[Date "2023.10.24"]
[Round "8"]
[White "wannabe2700"]
[Black "noblerone"]
[Result "1-0"]
[WhiteElo "2636"]
[BlackElo "2515"]
[TimeControl "180+1"]
[EndTime "9:21:52 PDT"]
[Termination "wannabe2700 won by resignation"]

1. e4 c5 2. Nf3 e6 3. g3 Nc6 4.
Bg2 b6 5. O-O Bb7 6. Re1 d6 7.
d4 cxd4 8. Nxd4 e5 9. Nf5 g6 10. Ne3 Nf6 11. b3 Be7 12. Ba3 Qc7 13. Nc3 a6 14.
Ncd5 Nxd5 15. Nxd5 Qd8 16. Nxe7 Kxe7 17. f4 f6 18. Qd2 Qc7 19. Rad1 Rad8 20. Re3 b5 21. fxe5 Nxe5 22. Qd4 a5 23. Rc3 Qb8 24. Qb6 b4 25. Rc7+ Rd7 26. Qxd6+ 1-0

[Event "Early-Titled-Tuesday-Blitz-October-24-2023"]
[Site "Chess.com"]
[Date "2023.10.24"]
[Round "8"]
[White "KVAIDAN"]
[Black "aranibos"]
[Result "1-0"]
[WhiteElo "2381"]
[BlackElo "2281"]
[TimeControl "180+1"]
[EndTime "9:21:52 PDT"]
[Termination "KVAIDAN won by resignation"]

1. f4 d5 2. Nf3 c5 3. e3 Nc6 4. Bb5 a6 5. Bxc6+ bxc6 6. b3 e6 7. Bb2 Nf6 8. O-O Be7 9. Ne5 Qc7 10. Rf3 Rb8 11. Rg3 g6 12. d3 O-O 13. Rh3 c4 14. Nd2 cxd3 15. cxd3 Ne8 16. Nxc6 Qxc6 17. Rc1 Qd7 18. Qh5 1-0

[Event "Early-Titled-Tuesday-Blitz-October-24-2023"]
[Site "Chess.com"]
[Date "2023.10.24"]
[Round "8"]
[White "CHENNAIBOND"]
[Black "Arimin1329"]
[Result "0-1"]
[WhiteElo "1690"]
[BlackElo "2316"]
[TimeControl "180+1"]
[EndTime "9:22:06 PDT"]
[Termination "Arimin1329 won by resignation"]

1. e4 c6 2. d4 d5 3. e5 Bf5 4. Nf3 e6 5. Be2 h6 6. O-O c5 7.
c3 Nc6 8. a3 Rc8 9. Be3 Qb6 10.
b4 cxd4 11. Nxd4 Nxd4 12. Bxd4 Qc7 13. Bb5+ Kd8 14. Qe2 a6 15. Bd3 Ne7 16. a4 g5 17.
a5 Ke8 18. Bb6 Bxd3 19. Qxd3 Qxe5 20. b5 Qf5 21. Qxf5 Nxf5 22. bxa6 bxa6 0-1

[Event "Early-Titled-Tuesday-Blitz-October-24-2023"]
[Site "Chess.com"]
[Date "2023.10.24"]
[Round "8"]
[White "Aswathchess"]
[Black "artin10862"]
[Result "1-0"]
[WhiteElo "2671"]
[BlackElo "2855"]
[TimeControl "180+1"]
[EndTime "9:22:25 PDT"]
[Termination "Aswathchess won by checkmate"]

1. e4 c5 2. Nc3 e6 3. Nf3 a6 4. g3 b5 5. Bg2 Bb7 6. O-O b4 7. Na4 Bxe4 8. d4 cxd4 9. Qxd4 Nf6 10. Bg5 Nc6 11. Qe3 d5 12. Rad1 Bxc2 13. Nb6 Bxd1 14. Rxd1 Rb8 15. Nc4 Be7 16. Nce5 Nxe5 17. Nxe5 Ng4 18.
Qa7 Bxg5 19. Qxf7# 1-0

[Event "Early-Titled-Tuesday-Blitz-October-24-2023"]
[Site "Chess.com"]
[Date "2023.10.24"]
[Round "8"]
[White "ChessBliss09"]
[Black "lluiss"]
[Result "1-0"]
[WhiteElo "2038"]
[BlackElo "2198"]
[TimeControl "180+1"]
[EndTime "9:22:30 PDT"]
[Termination "ChessBliss09 won by checkmate"]

1. e4 c5 2. Nf3 d6 3. d4 cxd4 4. Nxd4 Nf6 5. Nc3 g6 6. Be3 Bg7 7. Be2 O-O 8. f4 Nc6 9. Qd2 Ng4 10. Bxg4 Bxg4 11. h3 Bd7 12. g4 e5 13. Nxc6 Bxc6 14.
f5 Qa5 15. O-O-O b5 16. h4 b4 17. Nd5 Qxa2 18. Qxb4 Bxd5 19. exd5 Rab8 20. Qa3 Qc4 21. Qd3 Qxg4 22. Rdg1 Qb4 23. Qa3 Qe4 24. h5 Qxf5 25.
hxg6 fxg6 26. Qxa7 Rfc8 27. Rh2 e4 28. Bd4 Ra8 29.
Qxg7# 1-0

[Event "Early-Titled-Tuesday-Blitz-October-24-2023"]
[Site "Chess.com"]
[Date "2023.10.24"]
[Round "8"]
[White "rajesh1464"]
[Black "Manukyan_Artak"]
[Result "1-0"]
[WhiteElo "2320"]
[BlackElo "2394"]
[TimeControl "180+1"]
[EndTime "9:22:37 PDT"]
[Termination "rajesh1464 won by checkmate"]

1. d4 d5 2. Nc3 c6 3. Bf4 Bf5 4. e3 e6 5. g4 Bg6 6. h4 h5 7. g5 Bb4 8. Nf3 Nd7 9. Ne5 Nxe5 10. Bxe5 Kf8 11. Bd3 Ne7 12. a3 Bxc3+ 13. bxc3 Bxd3 14.
Qxd3 Nf5 15. f3 Qa5 16. e4 Ne7 17. Bd6 Rd8 18. e5 Ke8 19. Rb1 b5 20. Kd2 Nf5 21. Bc5 g6 22. a4 a6 23. axb5 axb5 24. Ra1 Qc7 25. Ra7 Qc8 26. Rha1 Rh7 27. Bb6 Kf8 28. Bxd8 Qxd8 29. Ra8 Qxa8 30. Rxa8+ Kg7 31. c4 dxc4 32. Qa3 Nxh4 33. Qf8# 1-0

[Event "Early-Titled-Tuesday-Blitz-October-24-2023"]
[Site "Chess.com"]
[Date "2023.10.24"]
[Round "8"]
[White "Alina_Gumerovna"]
[Black "ideika"]
[Result "1-0"]
[WhiteElo "2122"]
[BlackElo "2276"]
[TimeControl "180+1"]
[EndTime "9:22:40 PDT"]
[Termination "Alina_Gumerovna won by resignation"]

1. e4 e5 2. Nf3 Nc6 3. d4 exd4 4.
Nxd4 Bc5 5. Be3 Qf6 6. c3 Nge7 7. b4 Bb6 8. a3 d5 9. Nc2 Bxe3 10.
Nxe3 dxe4 11. Bb5 a6 12. Ba4 Qg6 13. O-O Bd7 14. c4 Rd8 15. Bxc6 Nxc6 16. Nc3 O-O 17.
Ncd5 f5 18. b5 axb5 19. cxb5 Ne5 20. Ne7+ 1-0

[Event "Early-Titled-Tuesday-Blitz-October-24-2023"]
[Site "Chess.com"]
[Date "2023.10.24"]
[Round "8"]
[White "DarZay"]
[Black "vishwa_vijeta"]
[Result "0-1"]
[WhiteElo "2264"]
[BlackElo "2528"]
[TimeControl "180+1"]
[EndTime "9:22:43 PDT"]
[Termination "vishwa_vijeta won by resignation"]

1. e4 c5 2. Nf3 d6 3. d4 cxd4 4.
Nxd4 Nf6 5. Nc3 g6 6. Be2 Bg7 7. O-O O-O 8. Be3 Nc6 9. Nxc6 bxc6 10. f4 Rb8 11. Rb1 Qa5 12. Bd4 Ba6 13. b4 Rxb4 14.
Rxb4 Bxe2 15. Nxe2 Qxb4 16. e5 Nd5 17. c3 Qc4 18.
Qb3 Qxe2 19. c4 Nb6 20. Bxb6 axb6 21. a4 dxe5 22. fxe5 Bxe5 23. Qxb6 Rb8 24. Qf2 Qxf2+ 25. Kxf2 Rb2+ 26. Kf3 Ra2 0-1

[Event "Early-Titled-Tuesday-Blitz-October-24-2023"]
[Site "Chess.com"]
[Date "2023.10.24"]
[Round "8"]
[White "publicaccountcze"]
[Black "YairParkhov"]
[Result "0-1"]
[WhiteElo "2308"]
[BlackElo "2658"]
[TimeControl "180+1"]
[EndTime "9:22:45 PDT"]
[Termination "YairParkhov won on time"]

1. e4 c6 2. d4 d5 3. f3 Qb6 4.
c3 e5 5. exd5 cxd5 6. dxe5 Bc5 7. Qxd5 Bxg1 8. Qb5+ Nc6 9. Qxb6 Bxb6 10. f4 Nh6 11.
Bb5 O-O 12. Nd2 Ng4 13. Nc4 Bf2+ 14. Ke2 Bc5 15. h3 Nf2 16. Rf1 Ne4 17. Be3 Ng3+ 18.
Kf3 Bxe3 19. Kxg3 Bc5 20. Kf3 Bd7 21. Rfd1 Rfd8 0-1

[Event "Early-Titled-Tuesday-Blitz-October-24-2023"]
[Site "Chess.com"]
[Date "2023.10.24"]
[Round "8"]
[White "Chessbard1972"]
[Black "dosto07"]
[Result "0-1"]
[WhiteElo "2339"]
[BlackElo "2491"]
[TimeControl "180+1"]
[EndTime "9:22:49 PDT"]
[Termination "dosto07 won by resignation"]

1. d4 d5 2. c4 dxc4 3. e4 Nf6 4. e5 Nd5 5. a3 Nb6 6. Nf3 Nc6 7. Be3 Bg4 8. Be2 e6 9. Nbd2 Qd7 10. Rc1 O-O-O 11.
h3 Bh5 12. O-O f6 13. Nxc4 Nxc4 14. Rxc4 fxe5 15. Nxe5 Nxe5 16. g4 Nxc4 17. Bxc4 Bf7 18. Qb3 Bd6 19. f4 Rhf8 20. Rc1 Kb8 21. Ba6 b6 22. Bb5 Qc8 23. Qa4 Be8 24. Rc6 Bxf4 25.
Bf2 Rd5 26. Ba6 Bxc6 27. Qxc6 Qxa6 0-1

[Event "Early-Titled-Tuesday-Blitz-October-24-2023"]
[Site "Chess.com"]
[Date "2023.10.24"]
[Round "8"]
[White "Beca95"]
[Black "ukchessbomber"]
[Result "1-0"]
[WhiteElo "2919"]
[BlackElo "2651"]
[TimeControl "180+1"]
[EndTime "9:22:59 PDT"]
[Termination "Beca95 won by checkmate"]

1. e4 a6 2. d4 b6 3. c4 Bb7 4. Nc3 e6 5. Bd3 d6 6. f4 Nd7 7.
Nf3 g6 8. O-O Bg7 9. Kh1 Nh6 10.
f5 Qe7 11. Bg5 f6 12. fxe6 fxg5 13. exd7+ Kxd7 14. Nd5 Qd8 15. e5 g4 16. exd6 gxf3 17. Qxf3 Bxd5 18. cxd5 Rf8 19. Qh3+ Kxd6 20. Qe6# 1-0

[Event "Early-Titled-Tuesday-Blitz-October-24-2023"]
[Site "Chess.com"]
[Date "2023.10.24"]
[Round "8"]
[White "Boninknights"]
[Black "slorovel"]
[Result "1/2-1/2"]
[WhiteElo "2310"]
[BlackElo "2462"]
[TimeControl "180+1"]
[EndTime "9:23:04 PDT"]
[Termination "Game drawn by repetition"]

1. d4 Nf6 2. Nf3 d5 3. c4 e6 4. Nc3 Bb4 5. Qa4+ Nc6 6. Bg5 O-O 7. e3 Bd7 8. Qb3 h6 9. Bxf6 Qxf6 10. cxd5 exd5 11.
Qxd5 Rad8 12. Qb3 Bg4 13. Be2 Bxf3 14. Bxf3 Rxd4 15. exd4 Nxd4 16. Qd1 Re8+ 17. Kf1 Qa6+ 18. Kg1 Rd8 19. Qa4 Nxf3+ 20. gxf3 Qg6+ 21. Kf1 Qd3+ 22. Kg2 Qg6+ 23. Kf1 Qd3+ 24. Kg2 Qg6+ 25. Kf1 1/2-1/2